 Dungeon Crawl Stone Soup version 0.30-a0-170-g85af917532 (webtiles) character file.

Game seed: 10467683841225893179

973 qw the Chopper (level 8, -22/49 HPs)
             Began as a Gargoyle Fighter on Sept 30, 2022.
             Killed from afar by a steam dragon (26 damage)
             ... with a ball of steam
             ... on level 6 of the Dungeon.
             The game lasted 00:02:10 (5772 turns).

qw the Chopper (Gargoyle Fighter)                   Turns: 5772, Time: 00:02:10

Health: -22/49     AC: 17    Str: 34    XL:     8   Next: 16%
Magic:  8/8        EV:  8    Int:  9    God:
Gold:   178        SH:  4    Dex:  9    Spells: 7/7 levels left

rFire   . . .      SeeInvis .    Y - +0 war axe
rCold   . . .      Faith    .    c - +0 buckler
rNeg    + . .      Spirit   .    r - +0 chain mail
rPois   inf        Reflect  .    h - +2 hat
rElec   +          Harm     .    (no cloak)
rCorr   .          Rampage  .    (no gloves)
Will    .....                    b - +0 pair of boots
Stlth   ..........               (no amulet)
HPRegen 0.16/turn                j - +6 ring of strength
MPRegen 0.11/turn                m - +6 ring of strength

@: no status effects
A: sickness immunity, AC +5, negative energy resistance 1, electricity
resistance, torment resistance 1, petrification resistance
a: no special abilities


You were on level 6 of the Dungeon.
You visited 1 branch of the dungeon, and saw 6 of its levels.

You collected 360 gold pieces.
You spent 182 gold pieces at shops.


Innate Abilities, Weirdness & Mutations

You are immune to sickness and miasma.
Your stone body is resilient. (AC +5)
You are immune to poison.
You resist negative energy. (rN+)
You are resistant to electric shocks. (rElec)
You are resistant to unholy torment.
You are immune to petrification.


   Skills:
 - Level 5.3 Fighting
 + Level 7.4 Axes
 - Level 1.4 Throwing
 - Level 3.2 Armour
 - Level 1.0 Dodging
 - Level 3.2 Shields


You had 7 spell levels left.
You didn't know any spells.
Your spell library was empty.

Inventory:

Hand Weapons
 g - a +1 morningstar of draining
 Y - a +0 war axe (weapon)
Missiles
 e - 2 boomerangs (quivered)
Armour
 b - a +0 pair of boots (worn)
 c - a +0 buckler (worn)
 h - a +2 hat (worn)
 r - a +0 chain mail (worn)
Jewellery
 j - a +6 ring of strength (left hand)
 m - a +6 ring of strength (right hand)
Scrolls
 a - a scroll of identify
 o - a scroll of butterflies {unknown}
Potions
 d - 2 potions of might
 f - 2 potions of haste
 i - a potion of lignification
 k - 2 potions of curing
 l - a potion of heal wounds {unknown}

Dungeon Overview and Level Annotations

Branches:
Dungeon (6/15)
 Temple: D:4-7

Altars:
Uskayaw

Shops:
D:3 ((*


Message History

Throw: 2 boomerangs
Press: ? - help, Q - select action Shift-Dir - straight line, f - ogre You throw a boomerang.
The boomerang hits the ogre!
The ogre is moderately wounded.
You hit the ogre.
The ogre is heavily wounded.
The ogre hits you with a +0 giant club!
A steam dragon comes into view.
5763 ||| Stepping ~*~*~tactically~*~*~ (stealth).
You slash the ogre!
The ogre is almost dead.
The ogre hits you with a +0 giant club!
You barely miss the ogre.
The ogre is almost dead.
The ogre barely misses you.
You slash the ogre!
You kill the ogre!
You start resting.
An adder comes into view.
5769 ||| FLEEEEING.
The steam dragon hisses angrily.
Items here: %% )).
The steam dragon breathes steam at you. The ball of steam hits you!
You hear an angry hiss.
You hear a bark!
You hear a shout!
You're standing in a cloud of steam!
5771 ||| READING scroll labelled INLOISCH HOJU.
Blink to where?
Press: ? - help, Dir - move target, f - you Are you sure you want to cancel this blink?
As you read the scroll labelled INLOISCH HOJU, it crumbles to dust.
It was a scroll of blinking.
You are engulfed in a cloud of scalding steam.
You slash the steam dragon!
The steam dragon is heavily wounded.
You are engulfed in a cloud of scalding steam.
The steam dragon breathes steam at you. The ball of steam hits you!!
Ouch! That really hurt!
You die...

#......<...... #...
#.............
...##
#.............
#...#
#.........:...
...###...##########
#...##...#
...##...#
#.##...#.###
#..D@¤¤#.#
########)##.##
.S...........#
#........###.#
#........# #.#
.....[...# #.#
.........# #..
.......... ##.
#........# .#


You could see a steam dragon (catching breath).

Vanquished Creatures
  3 ice beasts (D:5)
  An ogre (D:6)
  2 scorpions
  An orc priest (D:3)
  A hound (D:4)
  Jessica (D:2)
  4 orc wizards (D:4)
  Natasha (D:2)
  Robin (D:4)
  12 adders
  A shadow imp (D:5)
  A white imp (D:5)
  An ufetubus (D:5)
  2 dart slugs
  4 worms
  20 orcs
  4 ball pythons
  5 endoplasms
  8 giant cockroaches
  9 goblins
  13 hobgoblins
  7 jackals
  10 quokkas
  6 bats
  3 frilled lizards
  4 kobolds
  4 rats
129 creatures vanquished.

Vanquished Creatures (others)
  A kobold (D:3)
1 creature vanquished.

Grand Total: 130 creatures vanquished

Notes
Turn   | Place    | Note
-------+----------+-------------------------------------------
     0 | D:1      | qw the Gargoyle Fighter began the quest for the Orb.
     0 | D:1      | Reached XP level 1. HP: 14/14 MP: 1/1
     0 | D:1      | 0 ||| qw: Version: 0.2-a-12-gaebbb33
     0 | D:1      | 0 ||| qw: Game counter: 1564
     0 | D:1      | 0 ||| qw: Always use a shield: true
     0 | D:1      | 0 ||| qw: God list: Okawaru
     0 | D:1      | 0 ||| qw: Allow faded altars: false
     0 | D:1      | 0 ||| qw: Do Orc after D:15 true
     0 | D:1      | 0 ||| qw: Do second Lair branch before Depths: true
     0 | D:1      | 0 ||| qw: Lair rune preference: random
     0 | D:1      | 0 ||| qw: Plans: Normal, Zot:1-4, God:TSO, Crypt, Tomb,
                  | Pan, Slime:5, Hells, Abyss, Orb
     0 | D:1      | 0 ||| PLANNING D:1-11
   173 | D:1      | Reached skill level 2 in Axes
   316 | D:1      | Reached XP level 2. HP: 19/19 MP: 2/2
   558 | D:1      | Found a faded altar of an unknown god.
   917 | D:1      | Reached skill level 3 in Axes
   936 | D:1      | 936 ||| UPGRADING to +2 hat.
   941 | D:1      | 941 ||| READING scroll labelled XIACEE WAT VOX.
   942 | D:1      | 942 ||| READING scroll labelled JINTIKHL DE PEH.
   943 | D:1      | 943 ||| READING scroll labelled UKHLED JERU.
  1001 | D:2      | Reached XP level 3. HP: 23/23 MP: 3/3
  1012 | D:2      | 1012 ||| FLEEEEING.
  1019 | D:2      | 1019 ||| STAIRDANCE
  1107 | D:2      | 1107 ||| Stepping ~*~*~tactically~*~*~ (stealth).
  1129 | D:2      | 1129 ||| Stepping ~*~*~tactically~*~*~ (stealth).
  1139 | D:2      | 1139 ||| Stepping ~*~*~tactically~*~*~ (stealth).
  1141 | D:2      | 1141 ||| Stepping ~*~*~tactically~*~*~ (stealth).
  1193 | D:2      | 1193 ||| Stepping ~*~*~tactically~*~*~ (stealth).
  1289 | D:2      | Reached XP level 4. HP: 28/28 MP: 4/4
  1298 | D:2      | Reached skill level 4 in Axes
  1305 | D:2      | 1305 ||| FLEEEEING.
  1306 | D:2      | 1306 ||| FLEEEEING.
  1307 | D:2      | 1307 ||| FLEEEEING.
  1308 | D:2      | 1308 ||| FLEEEEING.
  1309 | D:2      | 1309 ||| FLEEEEING.
  1310 | D:2      | 1310 ||| FLEEEEING.
  1311 | D:2      | 1311 ||| FLEEEEING.
  1312 | D:2      | 1312 ||| FLEEEEING.
  1313 | D:2      | 1313 ||| FLEEEEING.
  1314 | D:2      | 1314 ||| FLEEEEING.
  1315 | D:2      | 1315 ||| FLEEEEING.
  1316 | D:2      | 1316 ||| FLEEEEING.
  1331 | D:2      | 1331 ||| FLEEEEING.
  1332 | D:2      | 1332 ||| FLEEEEING.
  1349 | D:2      | 1349 ||| FLEEEEING.
  1845 | D:2      | Noticed Jessica
  1861 | D:2      | Killed Jessica
  1862 | D:2      | Reached XP level 5. HP: 16/32 MP: 5/5
  2136 | D:2      | Noticed Natasha
  2143 | D:2      | Killed Natasha
  2204 | D:2      | 2204 ||| UPGRADING to +6 ring of strength.
  2205 | D:2      | 2205 ||| UPGRADING to ring of positive energy.
  2206 | D:2      | 2206 ||| READING scroll labelled QESSOU LEWO.
  2209 | D:2      | 2209 ||| READING scroll labelled NUSSIE AHIEFON.
  2210 | D:2      | 2210 ||| DRINKING 3 bubbling clear potions.
  2211 | D:2      | 2211 ||| READING 3 scrolls of identify.
  2211 | D:2      | 2211 ||| IDENTIFYING bubbling golden potion
  2351 | D:3      | Found Kiwouly's Antique Weapon Shop.
  2358 | D:3      | 2358 ||| BUYING glowing morningstar (182 gold).
  2358 | D:3      | Bought a glowing morningstar for 182 gold pieces
  2365 | D:3      | 2365 ||| DROPPING +0 whip.
  2392 | D:3      | 2392 ||| Stepping ~*~*~tactically~*~*~ (stealth).
  2396 | D:3      | 2396 ||| Stepping ~*~*~tactically~*~*~ (stealth).
  2498 | D:3      | 2498 ||| Stepping ~*~*~tactically~*~*~ (stealth).
  2538 | D:3      | 2538 ||| Stepping ~*~*~tactically~*~*~ (stealth).
  2539 | D:3      | 2539 ||| Stepping ~*~*~tactically~*~*~ (stealth).
  2546 | D:3      | Found Acepso's Assorted Antiques.
  2556 | D:3      | Reached skill level 5 in Axes
  2561 | D:3      | 2561 ||| SHOPLISTING 2 brown potions (36 gold, have 1).
  2561 | D:3      | 2561 ||| SHOPLISTING pair of faintly humming gloves (190
                  | gold, have 1).
  2561 | D:3      | 2561 ||| SHOPLISTING scroll labelled WEFOQA SEFUT (20 gold,
                  | have 1).
  2561 | D:3      | 2561 ||| SHOPLISTING scroll of identify (40 gold, have 1).
  2561 | D:3      | 2561 ||| SHOPLISTING shiny chain mail (150 gold, have 1).
  2739 | D:3      | Found Yjezoeta's Weapon Shoppe.
  3010 | D:3      | Reached skill level 1 in Dodging
  3060 | D:3      | 3060 ||| Stepping ~*~*~tactically~*~*~ (stealth).
  3066 | D:3      | 3066 ||| Stepping ~*~*~tactically~*~*~ (stealth).
  3077 | D:3      | 3077 ||| Stepping ~*~*~tactically~*~*~ (stealth).
  3127 | D:3      | Reached XP level 6. HP: 33/38 MP: 6/6
  3430 | D:3      | 3430 ||| UPGRADING to +0 chain mail.
  3440 | D:3      | 3440 ||| DROPPING +0 scale mail.
  3441 | D:3      | 3441 ||| READING scroll labelled VYVUCU BEOT.
  3495 | D:3      | 3495 ||| READING scroll labelled ETTOL SUYSME.
  3496 | D:3      | 3496 ||| READING scroll labelled FEOSCH MISEACK.
  3497 | D:3      | 3497 ||| DRINKING 2 glowing red potions.
  3498 | D:3      | 3498 ||| READING 2 scrolls of identify.
  3498 | D:3      | 3498 ||| IDENTIFYING blue potion
  3499 | D:3      | 3499 ||| DROPPING potion of magic.
  3524 | D:4      | 3524 ||| PLANNING SEWER
  3526 | D:4      | 3526 ||| Stepping ~*~*~tactically~*~*~ (stealth).
  3539 | D:4      | Found a hide-covered altar of Uskayaw.
  3682 | D:4      | 3682 ||| Stepping ~*~*~tactically~*~*~ (stealth).
  3700 | D:4      | 3700 ||| DRINKING 3 potions of curing.
  3700 | D:4      | 3700 ||| (to cure confusion)
  3703 | D:4      | 3703 ||| Stepping ~*~*~tactically~*~*~ (stealth).
  3783 | D:4      | 3783 ||| Stepping ~*~*~tactically~*~*~ (stealth).
  3785 | D:4      | 3785 ||| Stepping ~*~*~tactically~*~*~ (stealth).
  3787 | D:4      | 3787 ||| Stepping ~*~*~tactically~*~*~ (stealth).
  3974 | D:4      | 3974 ||| Stepping ~*~*~tactically~*~*~ (hiding).
  3988 | D:4      | 3988 ||| DRINKING 3 potions of curing.
  3988 | D:4      | 3988 ||| (to cure confusion)
  3995 | D:4      | 3995 ||| DRINKING 2 potions of curing.
  3995 | D:4      | 3995 ||| (to cure confusion)
  3999 | D:4      | 3999 ||| DRINKING potion of curing.
  3999 | D:4      | 3999 ||| (to cure confusion)
  4030 | D:4      | HP: 2/38 [orc wizard/puff of flame (10)]
  4031 | D:4      | 4031 ||| READING scroll of teleportation.
  4034 | D:4      | Reached skill level 6 in Axes
  4197 | D:4      | 4197 ||| RIP SEWER
  4341 | D:4      | 4341 ||| PLANNING D:1-11
  4472 | D:4      | Noticed Robin
  4478 | D:4      | Killed Robin
  4618 | D:4      | Reached XP level 7. HP: 43/43 MP: 7/7
  4727 | D:4      | 4727 ||| UPGRADING to +0 pair of boots.
  4732 | D:4      | 4732 ||| UPGRADING to +6 ring of strength.
  4734 | D:4      | 4734 ||| DROPPING ring of positive energy.
  4735 | D:4      | 4735 ||| READING scroll labelled WEFOQA SEFUT.
  4736 | D:4      | 4736 ||| READING 2 scrolls of identify.
  4736 | D:4      | 4736 ||| IDENTIFYING fizzy golden potion
  4737 | D:4      | 4737 ||| DROPPING potion of flight.
  4753 | D:5      | Entered Level 5 of the Dungeon
  5211 | D:5      | Reached skill level 7 in Axes
  5750 | D:6      | 5750 ||| Stepping ~*~*~tactically~*~*~ (stealth).
  5758 | D:6      | Reached skill level 1 in Throwing
  5758 | D:6      | Reached XP level 8. HP: 49/49 MP: 8/8
  5763 | D:6      | 5763 ||| Stepping ~*~*~tactically~*~*~ (stealth).
  5769 | D:6      | 5769 ||| FLEEEEING.
  5770 | D:6      | HP: 12/49 [steam dragon/ball of steam (17)]
  5771 | D:6      | 5771 ||| READING scroll labelled INLOISCH HOJU.
  5772 | D:6      | HP: 4/49 [steam dragon] (8)]
  5772 | D:6      | Killed from afar by a steam dragon

Levels and vault maps discovered:
D:1:      minmay_arrival_nine_rooms, layout_loops_ring, basic_ecumenical_altar,
          minmay_distorted
D:2:      minmay_skewed_foursquare, layout_basic, reono_crystal_passage,
          uniq_natasha, uniq_jessica
D:3:      layout_basic, serial_shops, nicolae_shop_stone, nicolae_shop_crystal,
          nicolae_shop_behind_doors, kennysheep_another_room,
          kennysheep_cross_bottleneck, serial_bayou_pond_e,
          kennysheep_generic_room_2
D:4:      layout_cave_pools, mainiacjoe_overflow_surrounded_room,
          gup_sewer_entry_pipe, uniq_robin
D:5:      layout_loops_corners
D:6:      minmay_razor_zed, layout_rooms, kennysheep_mini,
          gammafunk_temple_overflow_statue, old_standard_altar,
          minmay_temple_entry_trees, serial_shops, shop, uniq_eustachio,
          uniq_maggie, uniq_sigmund

Skill      XL: |  1  2  3  4  5  6  7 |
---------------+----------------------+-----
Axes           | 2 3 4 5 6 7 |  7.4
Dodging        | 1 |  1.0
Fighting       | 4 5 |  5.3
Throwing       | 1 |  1.4
Armour         | |  3.2
Shields        | |  3.2

Action                   |  1- 3 |  4- 6 |  7- 9 || total
-------------------------+-------+-------+-------++-------
Melee: War axe           |    81 |   251 |    87 ||   419
Throw: Boomerang         |     8 |    66 |    21 ||    95
  Use: Scroll            |     3 |     8 |     3 ||    14
       Potion            |       |     6 |       ||     6
Armor: Scale mail        |    42 |    49 |       ||    91
       Chain mail        |       |   129 |    50 ||   179
Dodge: Dodged            |    34 |    96 |    38 ||   168
Block: Buckler           |    11 |    42 |     7 ||    60

Table legend:
 A = Non-vault XP
 B = Vault XP
 C = Vault XP percentage of total XP
 D = Non-vault monster count
 E = Vault monster count
 F = Vault count percentage of total count
                 A         B        C        D         E       F
            +---------+---------+-------+---------+---------+-------
      Total |    1118 |     273 |  19.6 |      99 |      30 |  23.3
            +---------+---------+-------+---------+---------+-------
        D:1 |      28 |       4 |  12.5 |      16 |       1 |   5.9
        D:2 |      86 |      93 |  52.0 |      19 |       7 |  26.9
        D:3 |     118 |       3 |   2.5 |      24 |       2 |   7.7
        D:4 |     239 |      51 |  17.6 |      26 |      19 |  42.2
        D:5 |     561 |       0 |   0.0 |      12 |       0 |   0.0
        D:6 |      86 |     122 |  58.7 |       2 |       1 |  33.3
            +---------+---------+-------+---------+---------+-------
